 Dungeon Crawl Stone Soup version 0.30-a0-634-g8abc85282e (webtiles) character file.

Game seed: 14382090528945299914

1229 NinjaNoafa the Sneak (level 8, 0/58 HPs)
             Began as a Djinni Conjurer on Jan 14, 2023.
             Was an Initiate of Ashenzari.
             Slain by a wyvern (18 damage)
             ... on level 6 of the Dungeon.
             The game lasted 00:14:40 (7069 turns).

NinjaNoafa the Sneak (Djinni Conjurer)              Turns: 7069, Time: 00:14:41

Health: 0/58       AC:  4    Str:  6    XL:     8   Next: 77%
Gold:   392        EV: 12    Int: 22    God:    Ashenzari [......] SH:  0 Dex: 12

rFire   + + .      SeeInvis .    p - staff of earth (curse) {Self, Melee}
rCold   x . .      Faith    .    (no shield)
rNeg    . . .      Spirit   .    a - +0 robe
rPois   ∞          Reflect  .    I - +0 helmet
rElec   .          Harm     .    (no cloak)
rCorr   +          Rampage  .    v - +0 pair of gloves
Will    .....                    (boots unavailable)
Stlth   +++                      F - amulet of regeneration
HPRegen 1.09/turn                i - ring of resist corrosion
MPRegen 0.00/turn                (no ring)

@: sluggish, flying, studying Stealth, very slow
A: sickness immunity, fire resistance 2, cold vulnerability 1, float, innate
caster, HP casting, extra vitality 1
a: Renounce Religion, Curse Item, Shatter the Chains


You were on level 6 of the Dungeon.
You worshipped Ashenzari.
Ashenzari was noncommittal.
You visited 2 branches of the dungeon, and saw 8 of its levels.
You also visited: Sewer.

You collected 467 gold pieces.
You spent 75 gold pieces at shops.

Inventory:

Missiles
 m - 6 poisoned darts
 t - 4 boomerangs
 y - 3 curare-tipped darts
Armour
 a - a +0 robe (worn)
 v - a +0 pair of gloves (worn)
 I - a +0 helmet (worn)
Magical Staves
 p - a cursed staff of earth (weapon) {Self, Melee}
Jewellery
 i - a ring of resist corrosion (left hand)
 F - an amulet of regeneration (around neck)
Wands
 f - a wand of acid (9)
 D - a wand of flame (6)
 H - a wand of iceblast (5)
Scrolls
 d - 2 scrolls of enchant armour
 g - 2 scrolls of poison
 j - 2 scrolls of magic mapping
 l - a scroll of identify
 o - 3 scrolls of blinking
 q - a scroll of amnesia {unknown}
 w - 3 scrolls of teleportation {unknown}
 x - a scroll of immolation {unknown}
 z - 3 scrolls of fear {unknown}
 G - 2 scrolls of fog {unknown}
 K - a scroll of noise {unknown}
Potions
 b - a potion of magic
 c - 2 potions of brilliance {unknown}
 e - 4 potions of haste
 h - 4 potions of mutation {unknown}
 k - 2 potions of attraction {unknown}
 n - a potion of heal wounds
 r - 6 potions of curing {unknown}
 s - a potion of resistance
 u - 2 potions of lignification {unknown}
 A - 2 potions of might {unknown}
 B - a potion of berserk rage {unknown}
 C - a potion of ambrosia {unknown}
 E - 2 potions of invisibility {unknown}
 J - a potion of flight {unknown}


   Skills:
 + Level 4.1(4.5) Fighting
 - Level 3.0 Dodging
 - Level 7.0 Stealth
 * Level 6.0(6.4) Spellcasting
 - Level 2.0 Evocations


You couldn't memorise any spells.
You knew the following spells:

 Your Spells              Type           Power      Damage    Failure   Level
a - Magic Dart            Conj           100%       1d8       1%          1
b - Searing Ray           Conj           70%        2d7       1%          2
c - Dazzling Flash        Conj/Hex       70%        N/A       1%          3
d - Fulminant Prism       Conj/Hex       17%        3d11      6%          4
e - Swiftness             Air            35%        N/A       1%          3
f - Freeze                Ice            100%       1d10      1%          1
g - Blink                 Tloc           70%        N/A       1%          2
h - Iskenderun's Mystic   Conj/Tloc      35%        2d8       6%          4
Your spell library was empty.

Dungeon Overview and Level Annotations

Branches:
Dungeon (7/15)             Temple (1/1) D:5           Sewer (visited)

Altars:
Ashenzari
Cheibriados
Dithmenos
Fedhas
Gozag
Hepliaklqana
Makhleb
Nemelex Xobeh
Qazlal
Ru
Trog
Wu Jian
Xom
Yredelemnul
Zin
The Shining One

Shops:
D:1 *

Annotations:
D:5 2 transporters, Strat's ghost, novice TeRe
D:6 1 runed translucent door, baller8008's ghost, novice DEIE


Innate Abilities, Weirdness & Mutations

You are immune to sickness and miasma.
You are immune to poison.
Your flesh is very heat resistant. (rF++)
You are vulnerable to cold. (rC-)
You float through the air rather than walking.
You learn spells naturally, not from books.
Your magical power is your life essence.
You have superior vitality. (+4 MHP)


Message History

The wyvern barely misses you.
You fly upwards.
Level annotation: 1 runed translucent door, baller8008's ghost, novice DEIE
There is a stone staircase leading down here.
Unknown command.
Casting: Fulminant Prism (dangerous; 7% risk of failure)
Confirm with . or Enter, or press ? or * to list all spells.
You blink.
The wyvern bites you!
Unknown command.
Casting: Blink (safe; 1% risk of failure)
Confirm with . or Enter, or press ? or * to list all spells.
You erupt in a blast of force!
The mystic blast hits the bullfrog!
The bullfrog is heavily wounded.
The bullfrog is knocked back by the mystic blast.
The bullfrog slams into the rock wall!
The bullfrog is severely wounded.
The mystic blast hits the wyvern!
The wyvern is heavily wounded.
The wyvern is knocked back by the mystic blast.
The wyvern collides with the bullfrog!
You kill the bullfrog!
The wyvern is severely wounded.
You feel sluggish. The wyvern barely misses you.
Your Spellcasting skill increases to level 6!
Casting: Iskenderun's Mystic Blast (dangerous; 6% risk of failure)
Confirm with . or Enter, or press ? or * to list all spells.
You erupt in a blast of force!
The mystic blast hits the wyvern.
The wyvern is almost dead.
The wyvern is knocked back by the mystic blast.
The wyvern slams into the rock wall!
* * * LOW HITPOINT WARNING * * *
You feel stable enough to blink again.
Aiming: Throw Flame
Press: ? - help, Shift-Dir - straight line, f - wyvern
Aim: a wyvern (almost dead, 71% to hit)
The puff of flame hits the wyvern.
The wyvern is almost dead.
The wyvern barely misses you. The wyvern bites you!!
You die...

### ..# #.# #.# #.#
#.#
#.##################
................@l>#
#.#############.##.#
#.# #.##.# #.# #.####
..# #.##.## ..#
#.#(W.# ..# #.##+###
#.# #......#
#.#############......#


You could see a wyvern.

Vanquished Creatures
  Pargi (Sewer)
  A sky beast (D:6)
  A centaur (D:6)
  Blork the orc (D:6)
  2 bullfrogs (D:6)
  A necrophage (D:6)
  A gnoll sergeant (D:6)
  A howler monkey (D:5)
  A bullfrog zombie (D:4)
  2 jellies (D:5)
  An orc priest (D:5)
  2 iguanas
  Ijyb (D:5)
  3 orc wizards
  13 adders
  5 gnolls (D:6)
  3 river rats (D:4)
  An ufetubus (D:6)
  An adder zombie (D:4)
  3 worms (D:4)
  21 orcs
  5 bats
  6 endoplasms
  3 giant cockroaches
  10 goblins
  5 hobgoblins
  2 quokkas
  9 ball pythons
  2 frilled lizards (D:3)
  5 kobolds
  11 rats
124 creatures vanquished.

Vanquished Creatures (others)
  3 fulminant prisms
3 creatures vanquished.

Grand Total: 127 creatures vanquished

Notes
Turn   | Place    | Note
-------+----------+-------------------------------------------
     0 | D:1      | NinjaNoafa the Djinni Conjurer began the quest for the Orb.
     0 | D:1      | NinjaNoafa set off with the following spells memorised:
                  | Magic Dart, Searing Ray, Dazzling Flash, Fulminant Prism,
                  | Iskenderun's Mystic Blast.
     0 | D:1      | Reached XP level 1. HP: 15/15 MP: 0/0
   163 | D:1      | Reached skill level 1 in Fighting
   262 | D:1      | Reached XP level 2. HP: 21/22 MP: 0/0
   399 | D:1      | Found Foadayxt's Assorted Antiques.
   756 | D:2      | Reached XP level 3. HP: 27/29 MP: 0/0
   756 | D:2      | Learned a level 1 spell: Freeze
  1047 | D:2      | Reached XP level 4. HP: 32/35 MP: 0/0
  1731 | D:2      | Reached XP level 5. HP: 35/40 MP: 0/0
  1731 | D:2      | Learned a level 2 spell: Blink
  1948 | D:3      | Found a stormy altar of Qazlal.
  2959 | D:4      | Found a broken altar of Ashenzari.
  2969 | D:4      | Became a worshipper of Ashenzari the Shackled
  3183 | D:4      | Reached XP level 6. HP: 36/46 MP: 0/0
  3188 | D:4      | Found a glowing drain.
  3316 | Sewer    | Entered a sewer
  3339 | Sewer    | Noticed Pargi
  3348 | Sewer    | Killed Pargi
  3349 | Sewer    | Reached skill level 5 in Spellcasting
  3552 | D:4      | Reached XP level 7. HP: 38/50 MP: 0/0
  3552 | D:4      | Learned a level 3 spell: Swiftness
  3600 | D:4      | Found a basalt altar of Yredelemnul.
  3868 | D:4      | Reached skill level 2 in Stealth
  4436 | D:5      | Entered Level 5 of the Dungeon
  4441 | D:5      | Reached skill level 3 in Stealth
  4465 | D:5      | Reached skill level 4 in Stealth
  4614 | D:5      | Reached skill level 5 in Stealth
  4712 | D:5      | Reached skill level 1 in Evocations
  4876 | D:5      | Noticed Ijyb
  4886 | D:5      | Killed Ijyb
  4995 | D:5      | Found a transporter.
  5036 | D:5      | Found a staircase to the Ecumenical Temple.
  5145 | D:5      | Found a transporter.
  5147 | D:5      | Noticed Strat's ghost (novice TeRe)
  5188 | Temple   | Entered the Ecumenical Temple
  5460 | D:6      | Found a shadowy altar of Dithmenos.
  5462 | D:6      | Noticed Blork the orc
  5479 | D:6      | Killed Blork the orc
  5480 | D:6      | Reached XP level 8. HP: 27/58 MP: 0/0
  5652 | D:6      | Reached skill level 6 in Stealth
  5793 | D:6      | Found a runed translucent door.
  5794 | D:6      | Found a shimmering altar of Xom.
  5794 | D:6      | Noticed baller8008's ghost (novice DEIE)
  5795 | D:6      | Noticed a +4 quarterstaff of chaos
  5821 | D:6      | Reached skill level 7 in Stealth
  6553 | D:1      | Bought a ruby potion for 18 gold pieces
  6553 | D:1      | Bought a fuming golden potion for 18 gold pieces
  6553 | D:1      | Bought a scroll labelled FABRAPRUWIT for 21 gold pieces
  6553 | D:1      | Bought a smoky puce potion for 18 gold pieces
  7057 | D:7      | Noticed a wyvern
  7069 | D:6      | Slain by a wyvern

Illustrated notes

Levels and vault maps discovered:
D:1:      lightli_arrival_farm, layout_loops_ring, serial_shops, shop
D:2:      minmay_general_purpose_star, layout_loops_cross,
          minmay_misc_feat_ornament, minmay_snake_closets
D:3:      layout_loops_corners, mainiacjoe_overflow_concentric_impassable,
          kennysheep_generic_room_11
D:4:      layout_loops_cross, nicolae_vehumet_radiance,
          lemuel_zombie_altar_yredelemnul, lemuel_coloured_pillars_altar,
          lightli_sewer_entry_pipes
D:5:      layout_loops_ring, minmay_temple_entry_nine_rooms,
          gammafunk_ghost_abyssal_escape, grunt_ministairs_8,
          serial_park_tiny_1, uniq_ijyb
D:6:      layout_basic, nicolae_dithmenos_through_a_glass_darkly,
          ebering_ghost_xom, serial_bayou_crossing, uniq_blork_the_orc
D:7:      layout_cave_pools, serial_shops, nicolae_shop_window_shopping,
          grunt_ministairs_10
Temple:   nicolae_temple_bog_church

Skill      XL: |  1  2  3  4  5  6  7  8 |
---------------+-------------------------+-----
Fighting       | 1 2 3 4 |  4.1
Spellcasting   | 4 5 6 |  6.0
Stealth        | 5 7 |  7.0
Evocations     | 2 |  2.0
Dodging        | 3 |  3.0

Action                   |  1- 3 |  4- 6 |  7- 9 || total
-------------------------+-------+-------+-------++-------
Melee: Short sword       |     1 |       |       ||     1
       Punch             |     1 |       |       ||     1
       Staff             |       |    37 |     1 ||    38
 Cast: Magic Dart        |    38 |    92 |    57 ||   187
       Freeze            |     4 |    11 |     8 ||    23
       Dazzling Flash    |       |     1 |     2 ||     3
       Searing Ray       |       |     6 |     7 ||    13
       Blink             |       |     2 |     2 ||     4
       Iskenderun's Myst |       |     1 |    13 ||    14
       Fulminant Prism   |       |     1 |     2 ||     3
       Swiftness         |       |       |     5 ||     5
Invok: Curse Item        |       |       |     1 ||     1
Evoke: Wand              |       |       |     1 ||     1
  Use: Scroll            |       |     7 |       ||     7
       Potion            |       |       |     2 ||     2
 Stab: Sleeping          |       |     1 |       ||     1
Armor: Robe              |     2 |    14 |     6 ||    22
Dodge: Dodged            |     4 |    35 |    31 ||    70

Table legend: (Time is in decaauts)
 A = Elapsed time spent in this place.
 B = Non-inter-level travel time spent in this place.
 C = Inter-level travel time spent in this place.
 D = Time resting spent in this place.
 E = Time spent auto-exploring this place.
 F = Levels seen in this place.
 G = Mean time per level.
                   A        B        C        D        E       F      G
               +--------+--------+--------+--------+--------+-----+--------+
         Total |   7076 |   6360 |    716 |    210 |   5407 |   9 |  786.2 |
       Dungeon |   6819 |   6123 |    696 |    210 |   5214 |   7 |  974.1 |
        Temple |    148 |    128 |     20 |      0 |    119 |   1 |  148.0 |
         Sewer |    108 |    108 |      0 |      0 |     74 |   1 |  108.0 |
               +--------+--------+--------+--------+--------+-----+--------+

Top non-repeatable levels by time:
     D:4: 1451 daAuts
     D:6: 1327 daAuts
     D:2: 1204 daAuts
     D:3: 1116 daAuts
     D:5: 907 daAuts
     D:1: 805 daAuts
  Temple: 148 daAuts
   Sewer: 108 daAuts
     D:7: 6 daAuts
